 Dungeon Crawl Stone Soup version 0.24.0-7-gb3623d2c88 (webtiles) character file.

Game seed: 10398334272393656929, levelgen mode: deterministic

72 Monsterracer the Skirmisher (level 4, 29/29 HPs)
             Began as a Gargoyle Fighter on Nov 2, 2019.
             Was a Believer of Lugonu.
             Quit the game on level 2 of the Dungeon.
             The game lasted 00:01:46 (1286 turns).

Monsterracer the Skirmisher (Gargoyle Fighter)      Turns: 1286, Time: 00:01:47

Health: 29/29      AC: 10    Str: 21    XL:     4   Next: 26%
Magic:  4/4        EV:  7    Int:  8    God:    Lugonu [**....]
Gold:   70         SH:  9    Dex:  9    Spells: 3/3 levels left

rFire    . . .     SeeInvis .   a - +0 flail
rCold    . . .     Gourm    .   f - +0 shield
rNeg     + . .     Faith    .   b - +0 scale mail
rPois    ∞         Spirit   .   (no helmet)
rElec    +         Reflect  .   (no cloak)
rCorr    .         Harm     .   (no gloves)
MR       .....                  (no boots)
Stlth    ..........             (no amulet)
HPRegen  0.09/turn              (no ring)
MPRegen  0.09/turn              (no ring)

@: no status effects
A: negative energy resistance 1, electricity resistance, unbreathing,
petrification resistance, rot immunity, AC +3
a: Depart the Abyss, Bend Space, Renounce Religion


You were on level 2 of the Dungeon.
You worshipped Lugonu.
Lugonu was pleased with you.
You were hungry.

You visited 1 branch of the dungeon, and saw 2 of its levels.

You collected 70 gold pieces.

Inventory:

Hand Weapons
 a - a +0 flail (weapon)
Armour
 b - a +0 scale mail (worn)
 f - a +0 shield (worn)
Scrolls
 h - a scroll of random uselessness {unknown}
 k - a scroll of teleportation {unknown}
 l - a scroll of identify {unknown}
Potions
 d - 2 potions of haste {unknown}
 e - a potion of berserk rage {unknown}
 g - a potion of degeneration {unknown}
 i - a potion of curing {unknown}
 j - a potion of might
Comestibles
 c - 2 rations


   Skills:
 + Level 4.1 Fighting
 * Level 3.7 Maces & Flails
 - Level 3.2 Armour
 - Level 3.2 Shields


You had 3 spell levels left.
You didn't know any spells.
Your spell library was empty.

Dungeon Overview and Level Annotations

Branches:
Dungeon (2/15)

Altars:
Lugonu


Innate Abilities, Weirdness & Mutations

You are resistant to torment.
Your stone body is resilient. (AC +3)
You are immune to poison.
You resist negative energy. (rN+)
You are resistant to electric shocks. (rElec)
You can survive without breathing.
You are immune to petrification.
You are immune to rotting.


Message History

You feel stronger.
You open the door.
There is an open door here.
You open the door.
There is an open door here.
You open the door.
A bat comes into view.
You block the bat's attack.
You barely miss the bat. You block the bat's attack. x2
You miss the bat. The bat hits you but does no damage.
You hit the bat.
The bat is severely wounded.
You block the bat's attack. x2
You block the bat's attack.
There is an open door here.
You block the bat's attack.
A bat is nearby!
You completely miss the bat.
The bat is moderately wounded.
The bat closely misses you. The bat hits you but does no damage.
You sock the bat!
You kill the bat!
No target in view!
No target in view!
No target in view!
There is an open door here.
You open the door.
There is an open door here.
A dart slug comes into view.
The dart slug launches a dart at you.
The slug dart hits you but does no damage.
An adder comes into view.
The adder hisses angrily.
The dart slug bites you but does no damage.
You thump the dart slug!
The dart slug is severely wounded.
The dart slug launches a dart at you. The slug dart hits you!
You hit the dart slug.
You kill the dart slug!
A kobold comes into view. It is wielding a +0 club.
The kobold shouts!
The kobold throws a stone.
The stone hits you but does no damage. You block the adder's attack.
Found a faded altar of an unknown god.
Found a stone staircase leading up.
You see here a stone.
There are monsters nearby!
You hit the adder.
The adder is moderately wounded.
The adder barely misses you.
The kobold throws a stone.
You block the stone. You block the adder's attack.
Your shield prevents you from hitting the adder.
The adder is moderately wounded.
You block the adder's attack.
The kobold throws a stone.
The stone barely misses you. The adder bites you.
You miss the adder.
The adder is moderately wounded.
The adder bites you.
The kobold throws a stone.
The stone hits you but does no damage.
You are too injured to fight recklessly!
You are too injured to fight recklessly!
There are monsters nearby!
You are too injured to fight recklessly!
You are too injured to fight recklessly!
You are too injured to fight recklessly!
You are too injured to fight recklessly!
You are too injured to fight recklessly!
You miss the adder.
The adder is moderately wounded.
The adder closely misses you.
The kobold throws a stone.
You block the stone. You block the adder's attack.
You closely miss the adder.
The adder is moderately wounded.
The adder barely misses you. The adder bites you but does no damage.
You are too injured to fight recklessly!
You closely miss the adder.
The adder is moderately wounded.
The adder barely misses you. The kobold hits you but does no damage.
You are too injured to fight recklessly!
You sock the adder!
You kill the adder!
The kobold hits you but does no damage.
You are too injured to fight recklessly!
You closely miss the kobold. You block the kobold's attack.
You hit the kobold.
You kill the kobold!
All of the chunks of flesh in your inventory have rotted away.
Found 14 gold pieces.
No target in view!
There is a faded altar of an unknown god here.
You cannot tell which god this altar belongs to.
Convert to them anyway?
Lugonu accepts your prayer! Lugonu welcomes you!
You can now depart the Abyss.
You can now bend space around yourself.
You see here a stone.
d - 2 amethyst potions (gained 1)
A rat comes into view.
You are feeling hungry.
You see here 14 gold pieces.
Are you sure you want to abandon this character and quit the game? (Confirm with "yes".)

################
...............# .#
####.####.####.# r#
#..'.'†.#.#.⌠#.# .+
#).#.#..#.#..#.# .#
#'##.#'##.#'##.# .#
...............# .###+###.
#+##.#+##.#+##.##...!.....
# #.#..#.#..#.#@.....#.# +
#.#†.'.'..#.#.#####.< #
#.####.####.##.###.# # .
.............###.#.##.# #
############.##.#.#.#.#
...........()....#
##########(#.#.###
##...#### ##.....#


You could see a rat.

Vanquished Creatures
  3 gnolls (D:2)
  An adder (D:2)
  An ooze (D:2)
  4 worms (D:2)
  A dart slug (D:2)
  A giant cockroach (D:1)
  2 goblins (D:1 D:2)
  A hobgoblin (D:2)
  A jackal (D:1)
  3 kobolds (D:1 D:2)
  A bat (D:2)
  2 frilled lizards (D:1)
  3 rats (D:1 D:2)
24 creatures vanquished.

Notes
Turn   | Place    | Note
-------+----------+-------------------------------------------
     0 | D:1      | Monsterracer the Gargoyle Fighter began the quest for the
                  | Orb.
     0 | D:1      | Reached XP level 1. HP: 14/14 MP: 1/1
   562 | D:1      | Reached XP level 2. HP: 19/19 MP: 2/2
   937 | D:2      | Reached XP level 3. HP: 24/24 MP: 3/3
   949 | D:2      | HP: 10/24 [gnoll (3)]
   951 | D:2      | Reached skill level 4 in Fighting
  1135 | D:2      | Reached XP level 4. HP: 29/29 MP: 4/4
  1177 | D:2      | Found a faded altar of an unknown god.
  1197 | D:2      | Became a worshipper of Lugonu the Unformed
  1197 | D:2      | Reached * piety under Lugonu
  1197 | D:2      | Reached ** piety under Lugonu
  1286 | D:2      | Quit the game

Levels and vault maps discovered:
D:1:      dpeg_arrival_brainrot, layout_basic
D:2:      minmay_door_path, layout_loops_ring, lemuel_doored_altar,
          chequers_ecumenical_altar_simple, first_ration, xom_teletrap_fun

Skill      XL: |  1  2  3 |
---------------+----------+-----
Maces & Flails | 3 |  3.7
Fighting       | 4 |  4.1
Armour         | |  3.2
Shields        | |  3.2

Action                   |  1- 3 |  4- 6 || total
-------------------------+-------+-------++-------
Melee: Flail             |   120 |    16 ||   136
  Eat: Chunk             |     1 |       ||     1
Armor: Scale mail        |    44 |     9 ||    53
Dodge: Dodged            |    29 |     6 ||    35
Block: Shield            |    44 |    14 ||    58
